Unix NetHack Version 5.0.0-0 post-release - last build Jun 10 2026 00:39:30 (3ee93aec679c4c4259841fe613dc97188e26a321,branch:main).

Game began 2026-07-03 22:30:25, ended 2026-07-03 22:39:37.

Enkindle23, neutral male gnomish Ranger

     ------+---------                    ----+-      ---------------
     |..............|                    |...>|  ##  -.............|
     |..............|                    |....-###   |.............|
     |...............##############      |....|  ####.<............|
     ----------.-|---                    |....|###   |.............|
                 #                       ---.--      ------.--------
                 #                         ##              ####
                 ###                       #                  ##
             #     #               #########                   #
         ----.-----|--         ----.---------                  #
         |...........%######## |...>........|                  #####
         |...........|       # |............|               -------|----
         |...........|       ##.............|               |......@..[|
         |...........|         --------------               |[)[[[[[[[)|
         |...........|                                      |[.i[[[[[[[|
         -------------                                      |)@[[[[[.[[|
                                                            ------------

Enkindle23 the Lookout       St:15 Dx:11 Co:16 In:14 Wi:14 Ch:7  Neutral
Dlvl:3  $:0  HP:0(36) Pw:28(28) AC:6  Xp:5 T:1446 

Latest messages:
 You hit the homunculus.
 The homunculus bites!
 You feel agile!
 You must have been working on your reflexes.
 You hit the homunculus.
 The homunculus bites!
 You are put to sleep by the homunculus!
 The homunculus bites!
 The homunculus bites!
 The homunculus bites!
 The homunculus bites!
 The homunculus bites!
 The homunculus bites!
 The homunculus bites!
 You wake up.
 You miss the homunculus.
 The homunculus just misses!
 You miss the homunculus.
 The homunculus bites!
 You hit the homunculus.
 The homunculus bites!
 You hit the homunculus.
 The homunculus bites!
 You miss the homunculus.
 The homunculus bites!
 You hit the homunculus.
 The homunculus bites!
 You miss the homunculus.
 The homunculus bites!
 You miss the homunculus.
 The homunculus bites!
 You avoid harm.
 a - a +1 dagger (weapon in right hand).
 b - a +1 crossbow (alternate weapon; not wielded).
 The homunculus bites!
 You are put to sleep by the homunculus!
 The homunculus bites!
 The homunculus bites!
 The homunculus bites!
 The homunculus bites!
 The homunculus bites!
 The homunculus bites!
 The homunculus bites!
 You die...
 Balya comes and takes all your possessions.
 Do you want to see what you had when you died? [ynq] (y) y
 Do you want to see your attributes? [ynq] (y) y
 Do you want an account of creatures vanquished? [ynaq] (y) y
 Do you want to see your conduct and achievements? [ynq] (y) y
 Do you want to see the dungeon overview? [ynq] (y) y

Inventory:
 Weapons  (')')
  c - 54 +2 crossbow bolts (in quiver pouch)
  d - 34 +0 crossbow bolts
  b - a +1 crossbow (alternate weapon; not wielded)
  a - a +1 dagger (weapon in right hand)
  n - a blessed +0 orcish dagger
  m - a +0 orcish dagger
  r - a +0 scimitar
  A - a +0 scimitar
  E - a +0 scimitar
  z - a cursed +0 scimitar
 Armor    ('[')
  p - a cursed +0 orcish helm (being worn)
  G - a cursed -1 pair of fumble boots
  e - an uncursed +2 cloak of displacement (being worn)
  H - an uncursed +0 Hawaiian shirt with a parrot motif
 Comestibles  ('%')
  f - 4 uncursed cram rations
  x - an uncursed food ration
  v - an uncursed fortune cookie
 Scrolls  ('?')
  t - an uncursed scroll of light
  i - an uncursed scroll of scare monster
 Spellbooks  ('+')
  k - an uncursed spellbook of light
 Potions  ('!')
  y - an uncursed potion of enlightenment
  u - 2 uncursed potions of healing
  D - an uncursed potion of levitation
  j - an uncursed potion of sleeping
  l - an uncursed potion of speed
 Wands    ('/')
  h - a wand of cancellation (0:7)
  g - a wand of teleportation (0:6)
 Tools    ('(')
  q - an uncursed wooden harp
 Gems/Stones  ('*')
  w - 2 uncursed worthless pieces of blue glass
  o - an uncursed worthless piece of red glass
  s - an uncursed rock

Enkindle23 the Ranger's attributes:

Background:
 You were a Lookout, a level 5 male gnomish Ranger.
 You were neutral, nominally on a mission for Venus
 who was opposed by Mercury (lawful) and Mars (chaotic).
 You were right-handed.
 You were in the Dungeons of Doom, on level 3.
 You entered the dungeon 1446 turns ago.
 It was nighttime.
 You had 266 experience points, 54 more were needed to attain level 6.

Basics:
 You had 0 out of 36 hit points.
 You had all 28 energy points (spell power).
 Your armor class was 6.
 Your wallet was empty.
 Autopickup was off.

Final Characteristics:
 Your strength was 15 (limit:18/50).
 Your dexterity was 11 (limit:18).
 Your constitution was 16 (limit:18).
 Your intelligence was 14 (limit:19).
 Your wisdom was 14 (limit:18).
 Your charisma was 7 (limit:18).

Final Status:
 You weren't hungry.
 You were unencumbered.
 You were wielding a dagger.
 You had basic skill with dagger and could have enhanced that.

Final Attributes:
 You were devoutly aligned.
 You had automatic searching.
 You had infravision.
 You were displaced.
 You were warded.
 You are dead.

Miscellaneous:
 You didn't encounter any bones levels.
 Total elapsed playing time was 9 minutes and 12 seconds.

Major events:
 Turn
    1: Enkindle23 the neutral male gnomish Ranger entered the dungeon
  356: attained the rank of Lookout (level 3)
 1446: killed by a homunculus, while sleeping

You didn't know any spells.

Skills:
 Fighting Skills
   bare handed combat [Unskilled]
   riding             [Unskilled]
 Weapon Skills
   dagger             [Basic]
   knife              [Unskilled]
   axe                [Unskilled]
   pick-axe           [Unskilled]
   short sword        [Unskilled]
   morning star       [Unskilled]
   flail              [Unskilled]
   hammer             [Unskilled]
   quarterstaff       [Unskilled]
   polearms           [Unskilled]
   spear              [Unskilled]
   trident            [Unskilled]
   bow                [Unskilled]
   sling              [Unskilled]
   crossbow           [Basic]
   dart               [Unskilled]
   shuriken           [Unskilled]
   boomerang          [Unskilled]
   whip               [Unskilled]
 Spellcasting Skills
   healing spells     [Unskilled]
   divination spells  [Unskilled]
   escape spells      [Unskilled]

Voluntary challenges:
 Character rerolling was not enabled.
 You were an atheist.
 You never genocided any monsters.
 You never polymorphed an object.
 You never changed form.
 You used no wishes.
Achievements:
 You attained the rank of Lookout.
 You entered a shop.

 The Dungeons of Doom: levels 1 to 4
    Level 1:
       A fountain.
    Level 2:
       A sink.
    Level 3: <- You were here.
       An armor shop.
       Final resting place for
          you, killed by a homunculus, while sleeping.
    Level 4:


Vanquished creatures:
  a rock piercer
  9 fog clouds
  a gray ooze
  a little dog
  a kobold shaman
  4 hill orcs
  a coyote
  a hobgoblin
  a cave spider
  2 jackals
  a fox
  a kobold
  3 goblins
  a sewer rat
  5 grid bugs
  a lichen
  a kobold zombie
  4 newts
39 creatures vanquished.

No species were genocided or became extinct.

Game over:
                       ----------
                      /          \
                     /    REST    \
                    /      IN      \
                   /     PEACE      \
                  /                  \
                  |    Enkindle23    |
                  |       0 Au       |
                  |   killed by a    |
                  |    homunculus    |
                  |                  |
                  |                  |
                  |       2026       |
                 *|     *  *  *      | *
        _________)/\\_//(\/(/\)/\//\/|_)_______

Goodbye Enkindle23 the Ranger...

You died in The Dungeons of Doom on dungeon level 3 with 1214 points,
and 0 pieces of gold, after 1446 moves.
You were level 5 with a maximum of 36 hit points when you died.

